 Dungeon Crawl Stone Soup version 0.23.1 (webtiles) character file.

Game seed: 4220154107056622215

14 Borgoz the Sneak (level 2, 0/22 HPs)
             Began as a Ghoul Enchanter on Mar 14, 2019.
             Slain by a hobgoblin
             ... wielding a +0 club
              (3 damage)
             ... on level 1 of the Dungeon.
             The game lasted 00:00:54 (442 turns).

Borgoz the Sneak (Ghoul Enchanter)                   Turns: 442, Time: 00:00:54

Health: 0/22       AC:  2    Str: 11    XL:     2   Next: 45%
Magic:  1/3        EV: 12    Int: 10    God:
Gold:   5          SH:  0    Dex:  9    Spells: 3/4 levels left

rFire    . . .     SeeInvis .   a - +1 dagger
rCold    + . .     Gourm    .   (no shield)
rNeg     + + +     Faith    .   b - +0 robe
rPois    ∞         Spirit   .   (no helmet)
rElec    .         Reflect  .   (no cloak)
rCorr    .         Harm     .   (no gloves)
MR       .....                  (no boots)
Stlth    ++........             (no amulet)
HPRegen  0.00/turn              (no ring)
MPRegen  0.08/turn              (no ring)

@: rotting
A: rotting body, claws 1, carnivore, cold resistance 1, negative energy
resistance 3, inhibited regeneration, torment resistance, unbreathing
a: no special abilities


You were on level 1 of the Dungeon.
You were not hungry.

You visited 1 branch of the dungeon, and saw 1 of its levels.

You collected 5 gold pieces.

Inventory:

Hand Weapons
 a - a +1 dagger (weapon)
Armour
 b - a +0 robe (worn)
Jewellery
 f - a +3 amulet of reflection {unknown}
Scrolls
 c - a scroll of magic mapping {unknown}
 e - a scroll of teleportation {unknown}
Potions
 g - a potion of flight {unknown}
Comestibles
 d - 2 rations


   Skills:
 + Level 0.3 Fighting
 * Level 1.1 Short Blades
 * Level 0.4 Armour
 * Level 2.0 Dodging
 + Level 3.4 Stealth
 + Level 1.8 Spellcasting
 * Level 2.5 Hexes


You had 3 spell levels left.
You knew the following spells:

 Your Spells              Type           Power        Failure   Level  Hunger
a - Corona                Hex            #......      12%         1    ##.....

Your spell library contained the following spells:

 Spells                   Type           Power        Failure   Level  Hunger
 Ensorcelled Hibernation  Hex/Ice        #.....       28%         2    ###....
 Confuse                  Hex            #.......     34%         3    ####...
 Tukima's Dance           Hex            #.......     34%         3    ####...
 Dazzling Spray           Conj/Hex       #.....       50%         3    ####...


Dungeon Overview and Level Annotations

Branches:
Dungeon (1/15)

Altars:


Innate Abilities, Weirdness & Mutations

Your body is rotting away.
You thrive on raw meat.
You are immune to poison.
You have sharp fingernails.
You are carnivorous and can eat meat at any time.
Your flesh is cold resistant. (rC+)
You are immune to negative energy. (rN+++)
You do not regenerate when monsters are visible.
You are immune to unholy pain and torment.
You can survive without breathing.


Message History

The hobgoblin is heavily wounded.
The hobgoblin barely misses you.
Okay, then.
You closely miss the hobgoblin.
The hobgoblin is heavily wounded.
The hobgoblin hits you with a +0 club.
* * * LOW HITPOINT WARNING * * *
You completely miss the hobgoblin.
The hobgoblin is heavily wounded.
The hobgoblin hits you with a +0 club.
* * * LOW HITPOINT WARNING * * *
You barely miss the hobgoblin.
The hobgoblin is heavily wounded.
You closely miss the hobgoblin.
The hobgoblin is heavily wounded.
The hobgoblin barely misses you.
You closely miss the hobgoblin.
The hobgoblin is heavily wounded.
The hobgoblin hits you with a +0 club.
You die...

.....##..#.# #.#.......#
###.........#
#...........#
.#....<....###
##..........##### #####
#.......#......#
......##......#.#.#..###
#.Kg@......#.........
#....########..#.#.##.#
#### #..........
#.#.......# #.....#####
#........## ##....##.##
###..##.## #.#####.


You could see a hobgoblin and a kobold.

Vanquished Creatures
  2 oozes (D:1)
  A dart slug (D:1)
  A goblin (D:1)
  A frilled lizard (D:1)
5 creatures vanquished.

Notes
Turn   | Place    | Note
-------+----------+-------------------------------------------
     0 | D:1      | Borgoz the Ghoul Enchanter began the quest for the Orb.
     0 | D:1      | Reached XP level 1. HP: 14/14 MP: 2/2
   141 | D:1      | Reached skill level 1 in Short Blades
   143 | D:1      | Reached XP level 2. HP: 7/22 MP: 3/3
   442 | D:1      | Slain by a hobgoblin

Skill      XL: |  1  2 |
---------------+-------+-----
Short Blades   | 1 |  1.1
Dodging        | 2 |  2.0
Fighting       | |  0.3
Armour         | |  0.4
Stealth        | |  3.4
Spellcasting   | |  1.8
Hexes          | |  2.5

Action                   || total
-------------------------++-------
Melee: Dagger            ||    28
 Cast: Corona            ||     2
  Use: Potion            ||     2
 Stab: Sleeping          ||     1
  Eat: Chunk             ||     1
Armor: Robe              ||     4
Dodge: Dodged            ||    13
